 Dungeon Crawl Stone Soup version 0.29-a0-275-g389c0b56f3 (webtiles) character file.

Game seed: 17084144911691400845

1766 spaghetti the Fighter (level 9, -11/145 HPs)
             Began as a Naga Chaos Knight on Mar 10, 2022.
             Was a Plaything of Xom.
             Mangled by a sun demon (15 damage)
             ... summoned by Xom
             ... on level 6 of the Dungeon.
             The game lasted 00:12:11 (5578 turns).

spaghetti the Fighter (Naga Chaos Knight)           Turns: 5578, Time: 00:12:13

Health: -11/145    AC:  8    Str: 18    XL:     9   Next: 7%
Magic:  9/9        EV:  7    Int: 13    God:    Xom [.*....]
Gold:   496        SH:  0    Dex: 14    Spells: 8/8 levels left

rFire   . . .      SeeInvis +   g - +1 flail (protect) {mace}
rCold   . . .      Faith    .   (no shield)
rNeg    . . .      Spirit   .   b - +2 leather armour
rPois   +          Reflect  .   (helmet restricted)
rElec   .          Harm     .   (no cloak)
rCorr   .          Rampage  .   z - +1 pair of gloves {Dex+3}
Will    +....                   f - +0 barding
Stlth   ..........              (no amulet)
HPRegen 0.34/turn               (no ring)
MPRegen 0.11/turn               (no ring)

@: brilliant, berserking, silenced, corroded, under a protective aura, quick
A: AC +3, large, see invisible, deformed body, poison resistance, slowness 2,
spit poison 2, naga tail 1, antennae 1
a: Breathe Poison Gas, Renounce Religion


You were on level 6 of the Dungeon.
You worshipped Xom.
You were a plaything of Xom.
You visited 2 branches of the dungeon, and saw 7 of its levels.

You collected 694 gold pieces.
You spent 198 gold pieces at shops.


Innate Abilities, Weirdness & Mutations

Your serpentine skin is tough. (AC +3)
You have supernaturally acute eyesight. (SInv)
Armour fits poorly on your strangely shaped body.
Your system is resistant to poisons. (rPois)
You cover ground very slowly.
You can exhale a cloud of poison.
You have a snake-like lower body.
You have a pair of small antennae on your head.


   Skills:
 - Level 11.0 Fighting
 - Level 3.0 Maces & Flails
 + Level 3.8 Armour
 - Level 0.7 Dodging


You had 8 spell levels left.
You didn't know any spells.
Your spell library contained the following spells:

 Spells                   Type           Power      Damage    Failure   Level
 Animate Skeleton         Necr           0%         N/A       36%         1
 Apportation              Tloc           0%         N/A       36%         1
 Summon Small Mammal      Summ           0%         N/A       36%         1
 Conjure Flame            Conj/Fire      0%         6-21      73%         3
 Frozen Ramparts          Ice            0%         1d2       73%         3
 Ignite Poison            Fire/Tmut/Pois 0%         N/A       73%         3
 Mephitic Cloud           Conj/Pois/Air  0%         N/A       73%         3
 Ice Form                 Ice/Tmut       0%         N/A       98%         4
 Sticky Flame             Conj/Fire      0%         2d3       98%         4
 Summon Ice Beast         Ice/Summ       0%         N/A       98%         4
 Freezing Cloud           Conj/Ice/Air   0%         6-21      100%        5

Inventory:

Hand Weapons
 a - a +1 mace of chaos {mace}
 e - a +0 club {mace}
   (You took it off a goblin on level 1 of the Dungeon)
 g - a +1 flail of protection (weapon) {mace}
   (You took it off Edmund on level 4 of the Dungeon)
 B - a +1 whip of venom {mace}
   (You took it off an orc on level 6 of the Dungeon)
Missiles
 h - 9 atropa-tipped darts {throwing}
 i - 38 stones {throwing}
 u - 10 poisoned darts {throwing}
 x - 4 boomerangs {throwing}
 D - a curare-tipped dart {=fthrowing}
Armour
 b - a +2 leather armour (worn)
 f - a +0 barding (worn)
   (You found it on level 1 of the Dungeon)
 z - a +1 pair of gloves of dexterity (worn)
   (You bought it in a shop on level 5 of the Dungeon)
Jewellery
 n - a ring of protection from cold
   (You found it on level 3 of the Dungeon)
 y - a ring of ice
   (You took it off an orc on level 5 of the Dungeon)
Wands
 w - a wand of iceblast (6)
   (You took it off Ijyb on level 5 of the Dungeon)
 C - a wand of polymorph (10)
   (You found it on level 6 of the Dungeon)
Scrolls
 p - a scroll of enchant armour
 r - 2 scrolls of magic mapping {!r}
 s - a scroll of identify {@r1}
 t - a scroll of vulnerability {!r!r}
Potions
 d - a potion of brilliance
 k - a potion of flight
 l - a potion of ambrosia
 m - a potion of mutation {!q}
 o - 2 potions of curing {@q1}
 q - a potion of heal wounds {@q2}
 A - a potion of might {unknown}
 E - a potion of cancellation {unknown}
Miscellaneous
 c - a piece from Xom's chessboard (2/15) (quivered)

Dungeon Overview and Level Annotations

Branches:
Dungeon (6/15)             Temple (1/1) D:5

Altars:
Ashenzari
Cheibriados
Dithmenos
Elyvilon
Fedhas
Gozag
Hepliaklqana
Kikubaaqudgha
Makhleb
Nemelex Xobeh
Okawaru
Qazlal
Ru
Trog
Uskayaw
Wu Jian
Xom
Zin
The Shining One

Shops:
D:2 [   D:4 !   D:5 [ D:6

= #.....#.. .........#
#...##....#..
.........##...####...##.
...............#........
........................
.................##.....
#.......:..... #.....
.##...545...... ##....
......5@# #. ##...#
#.#...3.#####...###.....
##......#.#....#...#..
###...#........#.....### ##
#.#..#....###.##......#. ..
##...##...####........#.. ##.
#...#....## #...#.....#..
#...#..###..## #..###..#.#..
#......##...#####...#...#....


You could see a sun demon (summoned), a rust devil (summoned), a white imp
(summoned, unsilenced) and 2 shadow imps.


Message History

You hit the shadow.
Your weapon exudes an aura of protection.
The shadow hits you.
You barely miss the shadow.
The shadow slips into darkness.
The shadow flickers and vanishes for a moment. 😕 HP[+1]
You closely miss the shadow. Your punch misses the shadow.
The shadow hits you. x2
You hit the shadow but do no damage. The shadow barely misses you.
You sock the shadow! You punch the shadow, but do no damage.
The shadow hits you. 😕 HP[+1]
You hit the shadow. The shadow hits you.
You closely miss the shadow. The shadow hits you. x2
You hit the shadow. The shadow hits you. 😕 HP[-2]
You take 2 damage, and now have 72/88 hp.
You hit the shadow.
You destroy the shadow!
Training target 11.0 for Fighting reached!
Your Fighting skill increases to level 11!
You have reached level 9!
Your experience leads to an increase in your attributes!
Your base attributes are Str 16, Int 13, Dex 11.
Increase (S)trength, (I)ntelligence, or (D)exterity?
You feel stronger. x2; Your skin feels tougher. 😕 HP[+8] MP[+1]
You now have 97 max hp (+9).
You regained 8 hp, and now have 80/97 hp.
Your mp is fully restored (9).
Your +1 flail of protection {mace} goes still.
Your +1 whip of venom {mace} begins to drip with poison!
B - a +1 whip of venom (weapon)
{mace} "Fight to survive, mortal."
You are now a plaything of Xom.
Unknown command.
Unknown command.
You hit the shadow imp. 😕 HP[+1]
As you read the scroll labelled SADAGG INACUU, it crumbles to dust.
A profound silence engulfs you.
It was a scroll of silence.
The shadow imp hits you but does no damage.
The shadow imp barely misses you. The sun demon hits you!
You are engulfed in flames! 😮 HP[-26]
You take 26 damage, and now have 55/97 hp.
MASSIVE DAMAGE!! (PAUSE) Really quaff
j - a potion of berserk rage {!q}?
A red film seems to cover your vision as you go berserk!
You feel yourself moving faster!
You feel mighty!
Xom is mildly amused.
The shadow imp hits you but does no damage.
The white imp gestures at you. The puff of frost hits you!
The shadow imp hits you but does no damage.
The rust devil hits you.
* * * LOW HITPOINT WARNING * * *
The rust devil corrodes you! The sun demon hits you.
* * * LOW HITPOINT WARNING * * *
You are engulfed in flames!
* * * LOW HITPOINT WARNING * * *
😨 HP[-2]
You now have 145 max hp (+48).
Unknown command.
Unknown command.
Your +1 whip of venom {mace} stops dripping with poison.
Your +1 flail of protection {mace} hums with potential!
g - a +1 flail of protection (weapon)
{mace} You feel a strong urge to attack something.
The shadow imp hits you.
* * * LOW HITPOINT WARNING * * *
The rust devil hits you. The rust devil corrodes you!
The shadow imp gestures at you. You resist with significant effort.
The white imp hits you.
* * * LOW HITPOINT WARNING * * *
The white imp freezes you.
* * * LOW HITPOINT WARNING * * *
😨 HP[-9]
You take 9 damage, and now have 44/145 hp.
Unknown command.
Unknown command.
You hit the sun demon.
Your weapon exudes an aura of protection.
The sun demon hits you!
* * * LOW HITPOINT WARNING * * *
You are engulfed in flames!!
* * * LOW HITPOINT WARNING * * *
The shadow imp hits you.
* * * LOW HITPOINT WARNING * * *
The shadow imp hits you.
* * * LOW HITPOINT WARNING * * *
The rust devil hits you. The rust devil corrodes you!
The white imp closely misses you. 😱 HP[-40]
You take 40 damage, and now have 4/145 hp.
MASSIVE DAMAGE!! (PAUSE) Unknown command.
You hit the sun demon. The sun demon hits you!
You die...
Xom laughs nastily!

Skill      XL: |  1  2  3  4  5  6  7  8 |
---------------+-------------------------+-----
Fighting       | 4 6 7 9 11 | 11.0
Armour         | 3 |  3.8
Maces & Flails | |  3.0
Dodging        | |  0.7

Action                   |  1- 3 |  4- 6 |  7- 9 || total
-------------------------+-------+-------+-------++-------
Melee: Mace              |    80 |   100 |     3 ||   183
       Club              |     4 |       |       ||     4
       Punch             |     2 |     1 |     3 ||     6
       Flail             |       |       |   115 ||   115
       Whip              |       |       |    34 ||    34
 Abil: Spit Poison       |    13 |     3 |       ||    16
       Breathe Poison Ga |       |     8 |    11 ||    19
Evoke: Piece from Xom's  |    17 |    11 |     3 ||    31
  Use: Scroll            |     5 |     4 |     6 ||    15
       Potion            |       |     2 |     1 ||     3
 Stab: Petrified         |     7 |     1 |       ||     8
Armor: Leather armour    |    70 |    61 |   121 ||   252
       Skin              |       |     2 |     3 ||     5
Dodge: Dodged            |    47 |    46 |    69 ||   162

Levels and vault maps discovered:
D:1:      doesnt_arrival_eight_statues, layout_rooms,
          shapermc_ecumenical_altar_mp_urbaneastern
D:2:      minmay_chambers_of_ones, layout_loops_corners, serial_shops, shop
D:3:      layout_basic, nicolae_overflow_crystal_walls, uniq_terence, uniq_robin
D:4:      layout_cave_pods, serial_shops, nicolae_shop_crystal, uniq_edmund
D:5:      layout_loops_ring, minmay_temple_entry_water_ring,
          nicolae_stop_n_shop_2, uniq_ijyb
D:6:      layout_cave_pools, grunt_temple_overflow_open,
          gup_sewer_entry_bubbles, serial_shops, nicolae_stop_n_shop_2,
          uniq_crazy_yiuf_cottage
Temple:   lightli_temple_of_artemis

Notes
Turn   | Place    | Note
-------+----------+-------------------------------------------
     0 | D:1      | spaghetti the Naga Chaos Knight began the quest for the
                  | Orb.
     0 | D:1      | Reached XP level 1. HP: 21/21 MP: 1/1
     0 | D:1      | magus.rc [v1.9.6]
    89 | D:1      | XOM: god gift: scroll labelled IXYHOB MISI {god gift}
   108 | D:1      | Reached XP level 2. HP: 26/28 MP: 2/2
   137 | D:1      | XOM: noise
   150 | D:1      | XOM: summons 2 hostile demons
   284 | D:1      | Reached skill level 4 in Fighting
   386 | D:1      | Reached XP level 3. HP: 33/36 MP: 3/3
   493 | D:1      | Found a faded altar of an unknown god.
   897 | D:2      | Found Puwenyuf's Armour Boutique.
  1214 | D:2      | XOM: 1-stop teleportation journey
  1510 | D:2      | Reached XP level 4. HP: 45/45 MP: 4/4
  1656 | D:2      | You add the spells Ignite Poison, Mephitic Cloud and
                  | Freezing Cloud to your library.
  1877 | D:3      | XOM is BORED!
  1877 | D:3      | XOM: give mutations
  1877 | D:3      | Gained mutation: You have a pair of small antennae on your
                  | head. [Xom's mischief]
  1877 | D:3      | Gained mutation: You can exhale a cloud of poison. [Xom's
                  | mischief]
  1883 | D:3      | Noticed a steam dragon
  1889 | D:3      | XOM: confusion
  1889 | D:3      | Killed a steam dragon
  1890 | D:3      | Reached skill level 6 in Fighting
  1890 | D:3      | Reached XP level 5. HP: 30/56 MP: 5/5
  1898 | D:3      | XOM: confuse monster(s)
  1906 | D:3      | Reached XP level 6. HP: 28/63 MP: 6/6
  2252 | D:3      | Noticed Robin
  2259 | D:3      | Killed Robin
  2357 | D:3      | Found a hide-covered altar of Uskayaw.
  2415 | D:3      | Noticed Terence
  2424 | D:3      | Killed Terence
  2463 | D:3      | You pick up a book of Cantrips and begin reading...
  2463 | D:3      | You add the spells Animate Skeleton, Summon Small Mammal
                  | and Apportation to your library.
  2621 | D:3      | Reached skill level 7 in Fighting
  2684 | D:3      | XOM: stat loss: -1 Str (15/16)
  2952 | D:4      | Noticed Edmund
  2952 | D:4      | XOM: 1-stop teleportation journey
  2958 | D:4      | XOM: divination: detect items
  2966 | D:4      | XOM: potion effect (might)
  2969 | D:4      | Killed Edmund
  2970 | D:4      | Reached XP level 7. HP: 54/73 MP: 7/7
  3206 | D:4      | You add the spells Conjure Flame and Sticky Flame to your
                  | library.
  3232 | D:4      | Reached skill level 8 in Fighting
  3418 | D:4      | XOM: smoke on damage
  3738 | D:4      | XOM: noise
  3742 | D:4      | XOM: cloud trail
  3771 | D:4      | XOM: noise
  3893 | D:4      | Found Totrait's Distillery.
  4014 | D:5      | Entered Level 5 of the Dungeon
  4016 | D:5      | You pick up a book of Rime and begin reading...
  4016 | D:5      | You add the spells Frozen Ramparts, Ice Form and Summon Ice
                  | Beast to your library.
  4072 | D:5      | Found a staircase to the Ecumenical Temple.
  4077 | D:5      | XOM: potion effect (brilliance)
  4082 | D:5      | Reached skill level 9 in Fighting
  4090 | D:5      | Reached XP level 8. HP: 65/85 MP: 8/8
  4094 | D:5      | XOM: cleaving
  4095 | D:5      | XOM: polymorph centaur -> steam dragon
  4133 | Temple   | Entered the Ecumenical Temple
  4517 | D:5      | XOM: 4-stop teleportation journey
  4694 | D:5      | Reached skill level 10 in Fighting
  4713 | D:5      | Noticed Ijyb
  4728 | D:5      | Killed Ijyb
  4901 | D:5      | Found Zuafuh's Armour Shop.
  4915 | D:5      | Bought a +1 pair of gloves of dexterity for 198 gold pieces
  5126 | D:6      | Found Jykkos's Jewellery Emporium.
  5148 | D:6      | Found a bloodstained altar of Trog.
  5157 | D:6      | Reached skill level 2 in Armour
  5212 | D:6      | Found a snail-covered altar of Cheibriados.
  5237 | D:6      | XOM: scenery: summon butterflies
  5320 | D:6      | XOM: god gift: 318 gold pieces
  5494 | D:6      | Reached skill level 3 in Armour
  5552 | D:6      | Noticed a shadow
  5554 | D:6      | XOM: potion effect (brilliance)
  5561 | D:6      | XOM: noise
  5571 | D:6      | Killed a shadow
  5572 | D:6      | Reached skill level 11 in Fighting
  5572 | D:6      | Reached XP level 9. HP: 80/97 MP: 9/9
  5572 | D:6      | XOM: summons 5 hostile demons
  5573 | D:6      | Noticed a sun demon
  5573 | D:6      | Noticed a rust devil
  5577 | D:6      | HP: 28/145 [sun demon[Xom] (16)]
  5577 | D:6      | HP: 9/145 [sun demon[Xom] (19)]
  5577 | D:6      | HP: 4/145 [shadow imp[Xom] (2)]
  5578 | D:6      | Mangled by a sun demon

Vanquished Creatures
  A shadow (D:6)
  2 steam dragons
  Edmund (D:4)
  An orc warrior (D:6)
  2 ice beasts
  An ogre (D:4)
  A centaur (D:6)
  A kobold brigand (D:6)
  A scorpion (D:5)
  A howler monkey (D:5)
  3 hounds
  3 jellies
  Ijyb (D:5)
  2 orc priests
  3 iguanas
  Terence (D:3)
  2 orc wizards
  Robin (D:3)
  5 adders
  2 white imps
  2 dart slugs
  2 worms
  12 orcs
  9 ball pythons
  5 endoplasms
  6 giant cockroaches
  20 goblins
  8 hobgoblins
  3 jackals (D:3)
  7 kobolds
  4 quokkas
  7 bats
  2 frilled lizards (D:1)
  3 rats
125 creatures vanquished.

Vanquished Creatures (others)
  6 fungi (D:1)
  9 plants (D:1)
15 creatures vanquished.

Grand Total: 140 creatures vanquished

Table legend:
 A = Non-vault XP
 B = Vault XP
 C = Vault XP percentage of total XP
 D = Non-vault monster count
 E = Vault monster count
 F = Vault count percentage of total count
                 A         B        C        D         E       F
            +---------+---------+-------+---------+---------+-------
      Total |    2225 |     298 |  11.8 |     105 |      20 |  16.0
            +---------+---------+-------+---------+---------+-------
        D:1 |      39 |       0 |   0.0 |      21 |       0 |   0.0
        D:2 |      42 |       9 |  17.6 |      18 |       5 |  21.7
        D:3 |     266 |      75 |  22.0 |      17 |      13 |  43.3
        D:4 |     385 |     173 |  31.0 |      16 |       1 |   5.9
        D:5 |     694 |      41 |   5.6 |      18 |       1 |   5.3
        D:6 |     799 |       0 |   0.0 |      15 |       0 |   0.0
            +---------+---------+-------+---------+---------+-------

Illustrated notes

Table legend:
 A = Kills in this place as a percentage of kills in entire the game.
 B = Kills by you in this place as a percentage of kills by you in the entire game.
 C = Kills by friends in this place as a percentage of kills by friends in the entire game.
 D = Other kills in this place as a percentage of other kills in the entire game.
 E = Experience gained in this place as a percentage of experience gained in the entire game.
 F = Experience gained in this place divided by the number of levels of this place that you have seen.
                   A       B       C       D       E      F
               +-------+-------+-------+-------+-------+----------------------
         Total | 100.0 | 100.0 |   N/A | 100.0 | 100.0 | 360.4
       Dungeon | 100.0 | 100.0 |   N/A | 100.0 | 100.0 | 420.5
               +-------+-------+-------+-------+-------+----------------------

Table legend: (Time is in decaauts)
 A = Elapsed time spent in this place.
 B = Non-inter-level travel time spent in this place.
 C = Inter-level travel time spent in this place.
 D = Time resting spent in this place.
 E = Time spent auto-exploring this place.
 F = Levels seen in this place.
 G = Mean time per level.
                   A        B        C        D        E       F      G
               +--------+--------+--------+--------+--------+-----+--------+
         Total |   6995 |   6761 |    234 |    562 |   5078 |   7 |  999.3 |
       Dungeon |   6629 |   6420 |    209 |    562 |   4744 |   6 | 1104.8 |
        Temple |    365 |    341 |     24 |      0 |    333 |   1 |  365.0 |
               +--------+--------+--------+--------+--------+-----+--------+

Top non-repeatable levels by time:
     D:2: 1561 daAuts
     D:4: 1448 daAuts
     D:3: 1221 daAuts
     D:5: 1039 daAuts
     D:1: 822 daAuts
     D:6: 537 daAuts
  Temple: 365 daAuts
